AoeStats
← martijn

Nomad

509867320Analyzed
4v4 RM · 2d ago on Sep 28, 2026· 35m 48s· 8 players
Game mode
Random Map
Map size
231×231
Population
200
Speed
Normal
Resources
Standard
Victory
Conquest
Starting age
Dark Age
Ending age
Imperial Age
RankedLock teamsTeams togetherTeam positionsShared explorationLock speedFull tech treeHidden civsTurbo modeCheats
Victory
Defeat
🇳🇱 Khmer · Netherlands
985
+16
🇩🇪 Celts · Germany
984
+16
🇱🇹 Goths · Lithuania
982
+16
🇪🇸 Spanish · Spain
937
+18
🇮🇩 Celts · Indonesia
1031
-18
🇹🇼 Japanese · Taiwan
999
-17
🇨🇳 Spanish · China
992
-17
🇦🇺 Turks · Australia
928
-14
martijn
13:29 Loom
15:41 Feudal Age
19:05 Castle Age
17:14 Horse Collar
17:32 Double-Bit Axe
19:53 Wheelbarrow
19:49 Heavy Plow
20:27 Town Watch
25:34 Bloodlines
25:24 Husbandry
26:09 Husbandry
26:38 Stone Mining
27:52 Scale Barding Armor
28:02 Forging
29:19 Chain Barding Armor
31:23 Iron Casting
31:37 Gold Mining
32:23 Stone Shaft Mining
33:58 Fletching
Kobe
5:41 Loom
14:11 Feudal Age
19:14 Castle Age
Ana Nzinga of Mbande Ndogo
5:27 Loom
15:24 Feudal Age
17:17 Wheelbarrow
20:11 Castle Age
18:13 Double-Bit Axe
20:43 Fletching
23:21 Bodkin Arrow
23:14 Fishing Lines
31:01 Elite Skirmisher
33:09 Hand Cart
Master of Ludus
3:28 Loom
16:14 Feudal Age
17:57 Wheelbarrow
17:05 Horse Collar
23:30 Castle Age
22:16 Town Watch
23:18 Forging
23:05 Fletching
26:24 Bodkin Arrow
28:31 Hand Cart
31:29 Scale Mail Armor
31:35 Squires
MIG99
4:52 Loom
14:02 Feudal Age
14:29 Double-Bit Axe
17:09 Horse Collar
24:07 Castle Age
22:43 Stone Mining
23:57 Gold Mining
25:40 Bow Saw
25:32 Heavy Plow
27:17 Stone Shaft Mining
28:37 Wheelbarrow
29:44 Husbandry
31:11 Bloodlines
30:24 Light Cavalry
31:09 Padded Archer Armor
32:38 Scale Mail Armor
32:49 Forging
35:59 Leather Archer Armor
35:52 Scale Barding Armor
ZedongMao
3:46 Loom
15:08 Feudal Age
15:49 Fishing Lines
17:43 Double-Bit Axe
20:20 Bloodlines
20:26 Fletching
20:47 Forging
22:55 Castle Age
20:41 Horse Collar
23:04 Crossbowman
23:49 Thumb Ring
26:51 Husbandry
26:12 Light Cavalry
27:44 Bodkin Arrow
29:42 Wheelbarrow
halilbugra
4:52 Loom
15:21 Feudal Age
16:26 Man-at-Arms
18:14 Scale Mail Armor
26:56 Castle Age
27:03 Light Cavalry
27:44 Long Swordsman
28:09 Gambesons
30:55 Double-Bit Axe
32:55 Chain Mail Armor
33:32 Stronghold
PACKITUP
5:48 Loom
12:59 Feudal Age
13:27 Double-Bit Axe
20:29 Fletching
27:40 Castle Age
28:25 Squires
30:01 Husbandry
30:13 Bloodlines
30:15 Forging
30:11 Scale Barding Armor
Connection lost

Rejoining the realm…

Still unreachable

The connection could not be restored.

Session expired

The server has moved on; the page needs a fresh start.